 Dungeon Crawl Stone Soup version 0.31.0-32-g396128a36d (webtiles) character file.

Game seed: 15567566441458586465

77 monsoonserge the Ruffian (level 4, -1/34 HPs)
             Began as a Gnoll Shapeshifter on Mar 11, 2024.
             Slain by an orc priest
             ... wielding a +0 war axe
              (11 damage)
             ... on level 3 of the Dungeon.
             The game lasted 00:04:19 (1402 turns).

monsoonserge the Ruffian (Gnoll Shapeshifter)       Turns: 1402, Time: 00:04:20

Health: -1/34      AC:  2    Str: 16    XL:     4   Next: 33%
Magic:  5/5        EV: 13    Int:  9    God:
Gold:   177        SH:  0    Dex: 14    Spells: 5/5 levels left

rFire   . . .        o - +5 dagger of Mytz {elec, rC+ Dex+3}
rCold   + . .        (no shield)
rNeg    . . .        a - +0 animal skin
rPois   .            (helmet currently unavailable)
rElec   .            (cloak currently unavailable)
rCorr   .            (gloves currently unavailable)
SInv    .            k - melded +1 pair of boots
Will    .....        (no amulet)
Stlth   ++           (no ring)
HPRegen 0.25/turn    (no ring)
MPRegen 0.09/turn

%: no passive effects
@: beast-form
A: beast (slay +3), fangs 1, strong nose, distributed training
a: Begin Untransformation


You were on level 3 of the Dungeon.
You were a hulking beast.
You visited 1 branch of the dungeon, and saw 3 of its levels.

You collected 177 gold pieces.

Inventory:

Hand Weapons
 o - the +5 dagger of Mytz (weapon) {elec, rC+ Dex+3}
   (You found it on level 2 of the Dungeon)

   Dex+3:     It affects your dexterity (+3).
   rC+:       It protects you from cold.
Armour
 a - a +0 animal skin (worn)
 k - a +1 pair of boots (melded)
Talismans
 c - a beast talisman (active)
 d - a flux talisman
Wands
 t - a wand of iceblast (7)
Scrolls
 e - 4 scrolls of teleportation {unknown}
 g - 3 scrolls of identify {unknown}
 i - 2 scrolls of revelation {unknown}
 l - a scroll of blinking {unknown}
 m - 2 scrolls of fear {unknown}
 q - 3 scrolls of butterflies {unknown}
 r - a scroll of amnesia {unknown}
Potions
 b - a potion of lignification
 f - a potion of enlightenment {unknown}
 h - a potion of curing {unknown}
 j - a potion of brilliance {unknown}
 n - 2 potions of might {unknown}
 p - a potion of resistance {unknown}
 s - a potion of degeneration {unknown}


   Skills:
 + Level 2.7 Fighting
 + Level 1.1 Short Blades
 + Level 1.1 Long Blades
 + Level 1.1 Axes
 + Level 1.1 Maces & Flails
 + Level 1.1 Polearms
 + Level 1.1 Staves
 + Level 1.1 Ranged Weapons
 + Level 1.1 Throwing
 + Level 1.1 Armour
 + Level 4.6 Dodging
 + Level 1.1 Stealth
 + Level 1.1 Shields
 + Level 6.6 Unarmed Combat
 + Level 1.1 Spellcasting
 + Level 0.9 Conjurations
 + Level 0.9 Hexes
 + Level 0.9 Summonings
 + Level 0.9 Necromancy
 + Level 0.9 Translocations
 + Level 0.9 Fire Magic
 + Level 0.9 Ice Magic
 + Level 0.9 Air Magic
 + Level 0.9 Earth Magic
 + Level 0.9 Alchemy
 + Level 1.2 Invocations
 + Level 1.1 Evocations
 + Level 6.5 Shapeshifting


You had 5 spell levels left.
You didn't know any spells.
Your spell library was empty.

Dungeon Overview and Level Annotations

Branches:
Dungeon (3/15)

Altars:

Shops:
D:1 =[   D:2 =((


Innate Abilities, Weirdness & Mutations

You are a hulking beast.
Your limbs bulge with bestial killing power. (Slay +3)
You have very sharp teeth.
Your uncanny sense of smell can sniff out nearby items.
Your experience applies equally to all skills.


Message History

You hit the adder.
You kill the adder!
You feel sick.
You feel sick.
You feel sick.
You are no longer poisoned.
Done exploring.
There is a stone staircase leading down here.
You climb downwards.
There is a stone staircase leading up here.
Found a whip.
Found 12 gold pieces.
You see here a +0 whip.
An orc comes into view. It is wielding a +0 short sword.
The orc shouts!
You hear a shout!
An orc comes into view. It is wielding a +0 hand axe.
You see here 12 gold pieces.
You now have 177 gold pieces (gained 12).
An orc priest comes into view. It is wielding a +0 war axe.
The orc priest shouts!
You hit the orc. Lightning courses through the orc!
You kill the orc!
Things that are here:
a +0 short sword; a +0 scale mail You closely miss the orc.
You barely miss the orc.
The orc priest mumbles some strange prayers to Beogh against you.
Beogh smites you! The orc barely misses you.
You closely miss the orc.
The orc priest invokes the aid of Beogh against you.
Beogh smites you! The orc closely misses you.
You closely miss the orc. The orc hits you with a +0 hand axe.
* * * LOW HITPOINT WARNING * * *
You puncture the orc!
You kill the orc!
You hit the orc priest.
Lightning courses through the orc priest!
The orc priest is severely wounded.
The orc priest hits you with a +0 war axe!
You die...

#.###.##
#......
#..... #....
#... #.. #o#
+#+#
#h###.#.#
#)#.....
#######.#.#.#
............#
............#
#######.....#
####....##.##
#............
#......###.#.


You could see an orc priest.

Vanquished Creatures
  An adder (D:2)
  2 dart slugs (D:1)
  2 orcs (D:3)
  3 bats
  4 endoplasms
  12 giant cockroaches
  3 goblins
  5 hobgoblins
  3 jackals (D:1)
  3 kobolds
  3 quokkas
  6 ball pythons
  5 frilled lizards
  4 rats
56 creatures vanquished.

Notes
Turn   | Place    | Note
-------+----------+-------------------------------------------
     0 | D:1      | monsoonserge the Gnoll Shapeshifter began the quest for the
                  | Orb.
     0 | D:1      | Reached XP level 1. HP: 17/17 MP: 1/1
    66 | D:1      | Found Neniups's Jewellery Boutique.
   150 | D:1      | Reached XP level 2. HP: 23/23 MP: 2/2
   159 | D:1      | Found Asi Nes's Antique Armour Shop.
   248 | D:1      | Found a faded altar of an unknown god.
   314 | D:1      | Reached XP level 3. HP: 28/28 MP: 3/3
   604 | D:1      | Reached skill level 1 in Invocations
   838 | D:2      | Found Niowul's Jewellery Boutique.
   995 | D:2      | Found Ziecaddu's Weapon Boutique.
   998 | D:2      | Identified the +5 dagger of Mytz {elec, rC+ Dex+3}
  1034 | D:2      | Reached skill level 1 in Short Blades
  1034 | D:2      | Reached skill level 1 in Long Blades
  1034 | D:2      | Reached skill level 1 in Axes
  1034 | D:2      | Reached skill level 1 in Maces & Flails
  1034 | D:2      | Reached skill level 1 in Polearms
  1034 | D:2      | Reached skill level 1 in Staves
  1034 | D:2      | Reached skill level 1 in Ranged Weapons
  1034 | D:2      | Reached skill level 1 in Throwing
  1034 | D:2      | Reached skill level 1 in Armour
  1034 | D:2      | Reached skill level 1 in Stealth
  1034 | D:2      | Reached skill level 1 in Shields
  1034 | D:2      | Reached skill level 1 in Spellcasting
  1034 | D:2      | Reached skill level 1 in Evocations
  1062 | D:2      | Reached XP level 4. HP: 32/34 MP: 5/5
  1195 | D:2      | Found Lusim's Antique Weapon Boutique.
  1402 | D:3      | Slain by an orc priest

Illustrated notes

Levels and vault maps discovered:
D:1:      dpeg_arrival_erosion, layout_basic,
          shapermc_ecumenical_altar_mp_ritualfount, serial_shops,
          nicolae_shop_just_a_little_nook, nicolae_shop_gaudy_bauble
D:2:      minmay_roachtagon, layout_rooms, serial_shops,
          nicolae_shop_bloodbath_and_beyond, shop, shop
D:3:      layout_basic, uniq_sigmund

Skill      XL: |  1  2  3 |
---------------+----------+-----
Invocations    | 1 |  1.2
Short Blades   | 1 |  1.1
Long Blades    | 1 |  1.1
Axes           | 1 |  1.1
Maces & Flails | 1 |  1.1
Polearms       | 1 |  1.1
Staves         | 1 |  1.1
Ranged Weapons | 1 |  1.1
Throwing       | 1 |  1.1
Armour         | 1 |  1.1
Stealth        | 1 |  1.1
Shields        | 1 |  1.1
Spellcasting   | 1 |  1.1
Evocations     | 1 |  1.1
Fighting       | |  2.7
Dodging        | |  4.6
Unarmed Combat | |  6.6
Conjurations   | |  0.9
Hexes          | |  0.9
Summonings     | |  0.9
Necromancy     | |  0.9
Translocations | |  0.9
Fire Magic     | |  0.9
Ice Magic      | |  0.9
Air Magic      | |  0.9
Earth Magic    | |  0.9
Alchemy        | |  0.9
Shapeshifting  | |  6.5

Action                     |  1- 3 |  4- 6 || total
---------------------------+-------+-------++-------
  Melee: Unarmed           |    62 |       ||    62
         Punch             |     1 |       ||     1
         Bite              |     5 |     1 ||     6
         Dagger            |    13 |    18 ||    31
   Stab: Sleeping          |     3 |       ||     3
 Armour: Animal skin       |    26 |     5 ||    31
         Skin              |     5 |       ||     5
  Dodge: Dodged            |    45 |     6 ||    51
   Form: Beast             |     2 |       ||     2
         Flux              |     2 |       ||     2
